Cogmind - Beta 9.2 @@@ ROGUE MODE // 2019.11.13 @ 15:53:34 Player: Demise Result: Destroyed by as-77589 with Assembled Heavy Rifle Performance ------------- Evolutions (0) 0 Regions Visited (2) 400 Robots Destroyed (17) 85 Value Destroyed (73) 73 Prototype IDs (0) 0 Alien Tech Used (0) 0 Bonus (0) 0 TOTAL SCORE: 558 Bonus ------- None Cogmind --------- Core Integrity 0/250 Matter 290/300 Energy 10/100 System Corruption 1% Temperature Cool (0) Movement Core (750) Ox14 Location -10/Mines Parts ------- > --- POWER (1) -------- (None) > --- PROPULSION (2) --- (None) > --- UTILITY (2) ------ High-capacity Storage Unit Medium Armor Plating > --- WEAPON (2) ------- Light EM Pulse Cannon > --- INVENTORY (12) --- High-capacity Storage Unit High-capacity Storage Unit Medium Matter Pod (100) Improved Terrain Scanner Targeting Computer Medium Armor Plating Mining Laser Peak State ------------ > --- POWER ------------ Light Ion Engine > --- PROPULSION ------- Wheel Wheel > --- UTILITY ---------- High-capacity Storage Unit Medium Armor Plating > --- WEAPON ----------- Light EM Pulse Cannon Light EM Pulse Cannon > --- INVENTORY -------- High-capacity Storage Unit High-capacity Storage Unit Medium Matter Pod Improved Terrain Scanner Targeting Computer Medium Armor Plating Medium Armor Plating Medium Armor Plating Mining Laser [Rating: 11] Favorites ----------- Power Ion Engine Engine Ion Engine Propulsion Wheel Leg Aluminum Leg Wheel Wheel Utility High-capacity Storage Unit Device Improved Terrain Scanner Storage High-capacity Storage Unit Protection Medium Armor Plating Weapon Assault Rifle Energy Gun EM Pulse Gun Energy Cannon Light EM Pulse Cannon Ballistic Gun Assault Rifle Build | -11 -10 -10 ------- Run | Scr Mat Min Slots Evolved . | . . . Power . | . . . Propulsion . | . . . Utility . | . . . Weapon . | . . . Parts Attached 14 | 6 2 6 Power 1 | . . 1 Engine 1 | . . 1 Core . | . . . Reactor . | . . . Propulsion 4 | 4 . . Treads . | . . . Leg . | . . . Wheel 4 | 4 . . Hover . | . . . Flight . | . . . Utility 7 | 2 2 3 Device 2 | 1 1 . Storage 2 | 1 1 . Processor . | . . . Hackware . | . . . Protection 3 | . . 3 Artifact . | . . . Weapon 2 | . . 2 Energy Gun . | . . . Energy Cannon 2 | . . 2 Ballistic Gun . | . . . Ballistic Cannon . | . . . Launcher . | . . . Special Weapon . | . . . Impact Weapon . | . . . Slashing Weapon . | . . . Piercing Weapon . | . . . Special Melee Weapon . | . . . Unidentified Prototypes . | . . . Parts Lost 9 | . . 9 Power 2 | . . 2 Propulsion 2 | . . 2 Utility 2 | . . 2 Weapon 3 | . . 3 Highest Loss Streak 9 | . . 9 Average Slot Usage (%) 94 | . 97 89 Engine 13 | . 14 12 Wheel 26 | . 28 22 Device 9 | . 11 4 Storage 14 | . 14 14 Protection 3 | . . 9 Energy Gun 12 | . 14 8 Energy Cannon 2 | . . 7 Ballistic Gun 12 | . 14 9 Naked Turns . | . . . Heaviest Build 42 | 14 42 42 Greatest Support 20 | 20 20 20 Greatest Overweight (x) 2 | 1 2 2 Average Overweight (x) 1 | . 1 2 Largest Inventory Capacity 12 | 6 12 12 Average Capacity 9 | 5 11 12 Most Carried 12 | 6 12 12 Average Carried 8 | 4 10 10 Final Capacity 12 | 6 12 12 Final Carried 12 | 4 12 7 Class Distribution -------------------- 100% | Mutant Dominant Class ---------------- Mutant | -10/Materials Mutant | -10/Mines Resources | -11 -10 -10 ----------- Run | Scr Mat Min Matter Collected 469 | 387 25 57 Remotely . | . . . Salvage Created 381 | 221 56 104 Parts 25 | 18 7 . Haulers Intercepted . | . . . Recyclers Shooed . | . . . Parts Field Recycled . | . . . Retrieved Matter . | . . . Parts Self-Destructed . | . . . Prevented . | . . . Kills | -11 -10 -10 ------- Run | Scr Mat Min Combat Hostiles Destroyed 9 | . 3 6 Guns 7 | . 3 4 Cannons 2 | . . 2 Classes Destroyed 5 | 3 1 1 Worker 2 | 2 . . Tunneler 5 | 5 . . Recycler 1 | 1 . . Swarmer 3 | . 3 . Assembled 6 | . . 6 Best Kill Streak 4 | 4 3 4 Combat Bots Only 4 | . 3 4 Max Kills in Single Turn 2 | 2 1 1 Gunslinging . | . . . Exploded . | . . . Melee . | . . . Uniques/NPCs Destroyed . | . . . Combat | -11 -10 -10 -------- Run | Scr Mat Min Damage Taken 1074 | . 54 1020 Core 259 | . 18 241 Absorbed by Shields . | . . . Core Remaining (%) 100 | 100 . . Volleys Fired 31 | 9 5 17 Largest 2 | 2 2 2 Hottest 112 | 60 60 112 Shots Fired 57 | 18 10 29 Gun 48 | 18 10 20 Cannon 9 | . . 9 Launcher . | . . . Special . | . . . Kinetic 25 | 9 5 11 Thermal . | . . . Explosive . | . . . Electromagnetic 32 | 9 5 18 Robot Hit Streak 11 | 11 4 5 Robot Miss Streak 4 | 4 3 4 Penetration Max . | . . . Secondary Targets 3 | . . 3 Max Gunslinging Chain 1 | . . 1 Shots Hit Robots 35 | 12 5 18 Core Hits 24 | 9 3 12 Critical Hits . | . . . Critical Kills . | . . . Critical Parts Destroyed . | . . . Melee Attacks . | . . . Impact . | . . . Slashing . | . . . Piercing . | . . . Sneak Attacks . | . . . Combat Hostiles . | . . . Follow-up Attacks . | . . . Damage Inflicted 602 | 249 46 307 Guns 340 | 156 46 138 Cannons 154 | . . 154 Explosions 93 | 93 . . Melee . | . . . Ramming 15 | . . 15 Kinetic 149 | 65 24 60 Thermal 93 | 93 . . Explosive . | . . . Electromagnetic 345 | 91 22 232 Impact . | . . . Slashing . | . . . Piercing . | . . . Highest Corruption 1 | . . 1 Average Corruption 1 | . . 1 Corruption Purged . | . . . Effects 1 | . . 1 Data Loss (minor) 1 | . . 1 Overload Shots . | . . . Overflow Damage 2 | 2 . . Projectiles . | . . . Explosions 2 | 2 . . Melee . | . . . Knockbacks . | . . . Impact . | . . . Kinetic . | . . . Secondary . | . . . Self-Inflicted Damage 7 | . . 7 Shots . | . . . Rammed 1 | . . 1 Targets Rammed 1 | . . 1 Kicked . | . . . Crushed . | . . . Highest Temperature 134 | . . 134 Average Temperature 70 | . . 70 Received Heat Transfer 80 | . . 80 Siege Activations . | . . . Robots Corrupted . | . . . Combat Hostiles . | . . . Parts Fried . | . . . Impact Corruptions . | . . . Robots Melted . | . . . Combat Hostiles . | . . . Parts Melted . | . . . Heat Transferred 150 | 150 . . Parts Sabotaged . | . . . Parts Stolen . | . . . Parts Stripped . | . . . Power Chain Reactions 1 | 1 . . Missiles Intercepted . | . . . Alert | -11 -10 -10 ------- Run | Scr Mat Min Peak Influence 111 | 40 111 43 Average Influence 53 | 23 82 28 Maximum Alert Level . | . . . Low Security (%) 100 | 100 100 100 Level 1 . | . . . Level 2 . | . . . Level 3 . | . . . Level 4 . | . . . Level 5 . | . . . High Security . | . . . Max Security . | . . . Squads Dispatched . | . . . Investigation . | . . . Extermination . | . . . Reinforcement . | . . . Assault . | . . . Garrison . | . . . Intercept . | . . . Construction Impeded . | . . . Haulers Reinforced . | . . . Stealth | -11 -10 -10 --------- Run | Scr Mat Min Distress Signals . | . . . Communications Jammed . | . . . Distress Signals . | . . . Times Spotted 29 | . 4 25 Peak Tracking Total 17 | . 3 17 Tactical Retreats 4 | . . 4 Traps | -11 -10 -10 ------- Run | Scr Mat Min Traps Triggered . | . . . Indirectly . | . . . Trap Hack Attempts . | . . . Triggered . | . . . Disarmed . | . . . Reprogrammed . | . . . Reused . | . . . Traps Extracted . | . . . Installed . | . . . Triggered . | . . . Machines | -11 -10 -10 ---------- Run | Scr Mat Min Machines Disabled . | . . . Max in Single Turn . | . . . Machines Sabotaged . | . . . Garrisons Compromised . | . . . Overloaded Fab Kills . | . . . Fab Network Shutdowns . | . . . Hacking | -11 -10 -10 --------- Run | Scr Mat Min Machines Accessed 3 | . 3 . Terminals 2 | . 2 . Fabricators . | . . . Repair Stations 1 | . 1 . Recycling Units . | . . . Scanalyzers . | . . . Garrison Access . | . . . Total Hacks 8 | . 8 . Successful 4 | . 4 . Failed 4 | . 4 . Catastrophic 1 | . 1 . Database Lockouts . | . . . Manual 6 | . 6 . Terminals 6 | . 6 . Fabricators . | . . . Repair Stations 2 | . 2 . Recycling Units . | . . . Scanalyzers . | . . . Garrison Access . | . . . Terminal Hacks . | . . . Fabricator Hacks . | . . . Repair Station Hacks 2 | . 2 . Scan Component 1 | . 1 . Repair 1 | . 1 . Recycling Unit Hacks . | . . . Scanalyzer . | . . . Garrison Access Hacks . | . . . Unauthorized Hacks 6 | . 6 . Terminals 2 | . 2 . Botnet 2 | . 2 . Fabricators . | . . . Repair Stations . | . . . Recycling Units . | . . . Scanalyzers . | . . . Garrison Access . | . . . Data Cores Recovered . | . . . Used . | . . . Hacking Detections 2 | . 2 . Full Trace Events . | . . . Feedback Events . | . . . Feedback Blocked . | . . . Robot Schematics Acquired . | . . . Robots Built . | . . . Matter . | . . . Time . | . . . Total Robot Build Rating . | . . . Part Schematics Acquired . | . . . Parts Built . | . . . Matter . | . . . Time . | . . . Total Part Build Rating . | . . . Parts Repaired 1 | . 1 . Time 32 | . 32 . Parts Recycled . | . . . Recycled Matter . | . . . Retrieved Matter . | . . . Retrieved Components . | . . . Parts Scanalyzed . | . . . Part Schematics Acquired . | . . . Parts Damaged . | . . . Bothacking | -11 -10 -10 ------------ Run | Scr Mat Min Used RIF Installer . | . . . Robots Hacked . | . . . Non-combat . | . . . Combat . | . . . Robot Hacks Applied . | . . . Relay Couplers Released . | . . . Robots Rewired . | . . . Allies Hacked . | . . . Hacks Repelled . | . . . Allies | -11 -10 -10 -------- Run | Scr Mat Min Total Allies . | . . . Largest Group . | . . . Highest-Rated Group . | . . . Highest-Rated Ally . | . . . Total Orders . | . . . Ally Attacks . | . . . Total Damage . | . . . Kills . | . . . Allies Corrupted . | . . . Allies Melted . | . . . Intel | -11 -10 -10 ------- Run | Scr Mat Min Robot Analysis Total . | . . . Derelict Logs Recovered . | . . . Drone Launches . | . . . Drone Recoveries . | . . . Exploration | -11 -10 -10 ------------- Run | Scr Mat Min Turns Passed 443 | 127 216 100 Spaces Moved 249 | 67 151 31 Core . | . . . Treads . | . . . Legs 1 | 1 . . Wheels 248 | 66 151 31 Hover . | . . . Flight . | . . . Fastest Speed 80 | 80 80 100 Average Speed 92 | 83 95 100 Slowest Speed 120 | 120 100 100 Overloaded Moves . | . . . Propulsion Burnouts . | . . . Robots Hopped . | . . . Cave-ins Triggered . | . . . Exploration Rate (%) 14 | 3 29 12 Regions Visited 2 Branch Regions 1 Pre-discovered Areas . | . . . Known Exits Taken . | . . . Unknown Exits Taken 2 | 1 1 . Scrap Searched . | . . . Spaces Dug . | . . . Terrain Destroyed . | . . . Melee . | . . . Projectile . | . . . AOE . | . . . Actions | -11 -10 -10 --------- Run | Scr Mat Min Total 414 | 124 219 71 Wait 81 | 30 35 16 Move 247 | 66 150 31 Hop . | . . . Pick Up 21 | 4 17 . Fast Attach 2 | 1 1 . Attach 7 | 2 . 5 Detach 2 | 2 . . Swap 5 | 3 1 1 Drop 17 | 7 10 . Fire 31 | 9 5 17 Melee . | . . . Ram 1 | . . 1 Kick . | . . . Crush . | . . . Escape Stasis . | . . . Rewire . | . . . Trap . | . . . Miscellaneous . | . . . Route ------- -11/Scrapyard -10/Materials -10/Mines History --------- Turn | Location | Event 14 | -11/Scrapyard | Discovered new exit (range 3) 128 | -11/Scrapyard | Entered Materials 281 | -10/Materials | Repaired Imp. Terrain Scanner 308 | -10/Materials | Discovered new exit (range 15) 344 | -10/Materials | Entered Mines 351 | -10/Mines | Assembled infested the area 356 | -10/Mines | Assisted by a Guerilla fighting off Assembled 363 | -10/Mines | Build established: Mutant 417 | -10/Mines | Core integrity fell below 50% 434 | -10/Mines | Core integrity fell below 20% 444 | -10/Mines | Destroyed by as-77589 with Assembled Heavy Rifle Last Messages --------------- 00402_ Switching to secondary target: as-69486. 00404_ Knocked back. 00404_ EM Pulse Gun destroyed. 00406_ as-06258 destroyed. 00410_ Ion Engine destroyed. 00410_ Critical hit. 00410_ Assault Rifle destroyed. 00417_ Wheel destroyed. 00417_ Med. Armor Plating destroyed. 00420_ Lgt. EM Pulse Cannon destroyed. 00423_ Destroyed Asb. Hover Unit. 00429_ as-24453 destroyed. 00430_ Acquired 20 matter. 00433_ as-69486 destroyed. 00434_ Acquired 17 matter. 00434_ Wheel destroyed. 00434_ System corrupted by crushing effect (+1). 00435_ System corrupted: Component data lost. 00435_ Lgt. Ion Engine destroyed. 00441_ Med. Armor Plating destroyed. Map ----- +----------------------------------------------------+ | ?????????????????????????????????????????????????? | | ???????????????????????????#?????????????????????? | | ?????????????????????????????????????????????????? | | ????????????????????????#####??###???????????????? | | ???????????????????????## ### ##??????????????? | | ??????????????????????## ##?????????????? | | ??????????????????????# ##????????????? | | ??????????????????????# #????????????? | | ?????????????????????## #????????????? | | ????????????????????## #??#??????????? | | ??????????????????### #?????????????? | | ??????????????????# #?????????????? | | ??????????????????# #?????????????? | | ??????????????????# ### ### #??#??????????? | | ??????????????????????# ##?## ###????????????? | | ?????????????? ?????#?# #???# ##??????????????? | | ??????????????????? ??# #???## ##???????????????? | | ??????????????????????# #????## #????????????????? | | ??????????????????????# #?????# #????????????????? | | ??????????????????????# ###???# #?#??????????????? | | ??????????????????????# #???# #????????????????? | | ??????????????????#???### #???# #????????????????? | | ????????????????????????#a#???# #????????????????? | | ????????????????????????#a#???# #??## #??????????? | | ????????????????????????#a### % % =????????? | | ????????????????????????#@aa a ! =%????????? | | ????????????????????????##### ###???????????????? | | ??????????????????#??????????? ?????#????????????? | | ?????????????????????????#??# ???????#??????????? | | ????????????????????????????? ??????????????????? | | ?????????????????????????#??? ??????????????????? | | ???????????????????????#????? ??????????????????? | | ????????????????????????????# ??????????????????? | | ???????????????#????????????# ??????????????????? | | ???????????????????????????? ???????????????????? | | ???????????????????????????? ???????????????????? | | ????????????????????????????? ???????????????????? | | ?????????????????????????????????????????????????? | | ???????????????????#????#????????????????????????? | | ?????????????????????????????????????????????????? | | ?????????????????????????????????????????????????? | | ?????????????????????????????????????????????????? | | ?????????????????????????????????????????????????? | | ?????????????????????????????????????????????????? | | ?????????????????????????????????????????????????? | | ?????????????????????????????????????????????????? | | ?????????????????????????????????????????????????? | | ?????????????????????????????????????????????????? | | ?????????????????????????????????????????????????? | | ?????????????????????????????????????????????????? | +----------------------------------------------------+ Best States ------------- Heat Dissipation 25 Energy Generation 10 Energy Capacity 250 Matter Stores 300 Matter Capacity 300 Sight Range 16 Terrain Scan Range 16 Terrain Scan Density 10 Armor Coverage 225 Evasion (%) 44 Item Schematics ----------------- None Robot Schematics ------------------ None Fabricated ------------ Nothing Alien Tech Used ----------------- None Achievements -------------- None Challenges ------------ None Game ------ Seed StorageSpikedAirjet Manual? 0 Play Time 00:10:59 Cumulative 116.9 hours Start 2019.11.13 @ 15:45:29 End 2019.11.13 @ 15:53:34 Sessions 1 Manual Loads 0 Difficulty Rogue Special Mode None Game No. 157 Rogue 146 Adventurer 11 Explorer 0 Win Type - Total 0 Types 0/0/0/0/0/0/0 Lore% 43 Gallery% 54 Achievement% 37 Wizard Run 0 Options --------- ASCII 0 Keyboard 1 Movement Numpad Keybinds 0 Fullscreen 1 Font 12/Terminus Map View 83x54 Tactical HUD 1 Map Filters NONE Filters NONE Steam 1 RUN: 355dceb7-a24b-42d1-b6cd-5db3c6c8d221